 Dungeon Crawl Stone Soup version 0.19.1 (webtiles) character file.

98 Blackhawk the Ducker (level 4, -6/34 HPs)
             Began as a Spriggan Berserker on Sept 4, 2017.
             Was a Priest of Trog.
             Killed by nerve-wracking pain
             ... invoked by Grinder
              (8 damage)
             ... on level 4 of the Dungeon on Nov 7, 2017.
             The game lasted 00:15:35 (2641 turns).

Blackhawk the Ducker (Spriggan Berserker)           Turns: 2641, Time: 00:15:36

Health: -6/34      AC:  2    Str: 19    XL:     4   Next: 43%
Magic:  5/5        EV: 21    Int:  8    God:    Trog [***...]
Gold:   89         SH:  0    Dex: 15    Spells: 0 memorised, 3 levels left

rFire  . . .     SeeInvis +       - Unarmed
rCold  . . .     Gourm    .     a - +0 animal skin
rNeg   . . .     Faith    .     (shield restricted)
rPois  .         Spirit   .     (helmet restricted)
rElec  .         Reflect  .     (no cloak)
rCorr  .         Harm     .     (gloves unavailable)
MR     .....                    (boots unavailable)
Stlth  ..........               (no amulet)
                                (no ring)
                                (no ring)

@: berserking, very quick
A: unfitting armour, see invisible, herbivore 3, speed 3, slow metabolism 2
a: Berserk, Trog's Hand, Burn Spellbooks, Renounce Religion


You were on level 4 of the Dungeon.
You worshipped Trog.
Trog was most pleased with you.
You were very hungry.

You visited 1 branch of the dungeon, and saw 4 of its levels.

You collected 89 gold pieces.

Inventory:

Hand Weapons
 k - a -3 dagger
 o - a +0 hunting sling
Missiles
 h - 74 stones (quivered)
 s - 17 sling bullets
Armour
 a - a +0 animal skin (worn)
Jewellery
 t - an uncursed ring of fire {unknown}
Scrolls
 e - 5 scrolls of identify {unknown}
 f - 3 scrolls of recharging {unknown}
 j - a scroll of blinking {unknown}
 l - a scroll of amnesia {unknown}
 p - 2 scrolls of enchant armour {unknown}
 q - a scroll of noise {unknown}
 r - a scroll of teleportation {unknown}
 u - 2 scrolls of remove curse
 v - a scroll of immolation {unknown}
Potions
 c - a potion of mutation {unknown}
 g - a potion of invisibility {unknown}
 i - 3 potions of degeneration {unknown}
 n - 3 potions of heal wounds
 w - a potion of curing {unknown}
Comestibles
 b - 2 bread rations
 d - a fruit
 m - 2 slices of pizza


   Skills:
 - Level 2.7 Fighting
 * Level 2.0 Short Blades
 + Level 0.2 Slings
 + Level 6.2 Dodging
 + Level 1.4 Stealth
 - Level 2.5 Unarmed Combat


You had 3 spell levels left.
You didn't know any spells.

Dungeon Overview and Level Annotations

Branches:
Dungeon (4/15)
 Temple: D:4-7

Altars:
Gozag

Annotations:
D:2 Terence
D:3 spacewolf009's ghost, amateur GrFi
D:4 Grinder


Innate Abilities, Weirdness & Mutations

You are very small and have problems with some larger weapons.
You are too small for most types of armour.
You have supernaturally acute eyesight. (SInv)
You are a herbivore.
You cover ground extremely quickly.
You need consume almost no food.


Message History

Grinder gestures at you.
You shrug off the repeated paralysis!
You hit Grinder.
Grinder is lightly wounded.
You punch Grinder!
Grinder is moderately wounded.
Grinder closely misses you.
You closely miss Grinder.
Grinder is moderately wounded.
Grinder hits you.
* * * LOW HITPOINT WARNING * * *
You writhe in agony.
* * * LOW HITPOINT WARNING * * *
You closely miss Grinder.
Grinder is moderately wounded.
You hit Grinder.
Grinder is heavily wounded.
Grinder gestures at you. Pain shoots through your body!
You die...

##. ##...##
###. ##'## #.
#.# #. #.# ..
##.##
##...######
#..........
###....######
#.@5...#
#.#.#..#
.....#..#
###.###..# #.
#..# #. ...#
## #.## .#


You could see Grinder.

Vanquished Creatures
  3 adders
  2 dart slugs
  A leopard gecko (D:3)
  An orc (D:3)
  3 ball pythons (D:1)
  8 bats
  A giant cockroach (D:1)
  6 goblins
  2 hobgoblins
  6 jackals (D:1)
  3 kobolds
  2 quokkas (D:2)
  4 frilled lizards (D:1)
  28 rats
70 creatures vanquished.

Notes
Turn   | Place    | Note
-------+----------+-------------------------------------------
     0 | D:1      | Blackhawk the Spriggan Berserker began the quest for the Orb.
     0 | D:1      | Reached XP level 1. HP: 11/11 MP: 2/2
   180 | D:1      | Reached XP level 2. HP: 15/16 MP: 3/3
   418 | D:1      | Reached skill level 5 in Dodging
   422 | D:1      | Reached ** piety under Trog
   537 | D:1      | Reached XP level 3. HP: 7/19 MP: 4/4
   872 | D:1      | Reached skill level 1 in Short Blades
  1103 | D:2      | Reached skill level 1 in Stealth
  1421 | D:2      | Reached XP level 4. HP: 5/23 MP: 5/5
  1712 | D:3      | Reached skill level 6 in Dodging
  1926 | D:2      | Noticed Terence
  2157 | D:3      | Noticed spacewolf009's ghost (amateur GrFi)
  2167 | D:3      | Reached *** piety under Trog
  2513 | D:3      | Found an opulent altar of Gozag.
  2611 | D:3      | Noticed Grinder
  2633 | D:4      | Paralysed by Grinder for 2 turns
  2639 | D:4      | HP: 1/34 [Grinder (3)]
  2641 | D:4      | Killed from afar by Grinder

Skill      XL: |  1  2  3  4 |
---------------+-------------+-----
Dodging        | 5 6 |  6.2
Short Blades   | 1 2 |  2.0
Stealth        | 1 |  1.4
Fighting       | |  2.7
Slings         | |  0.2
Unarmed Combat | |  2.5

Action                   |  1- 3 |  4- 6 || total
-------------------------+-------+-------++-------
Melee: Unarmed           |   191 |    61 ||   252
       Dagger            |     4 |       ||     4
       Punch             |     2 |       ||     2
 Fire: Hunting sling     |       |    11 ||    11
Invok: Berserk           |     1 |     1 ||     2
  Use: Scroll            |     2 |       ||     2
       Potion            |     1 |     1 ||     2
 Stab: Sleeping          |     1 |       ||     1
Armor: Animal skin       |     7 |     6 ||    13
Dodge: Dodged            |   163 |    62 ||   225
